 Dungeon Crawl Stone Soup version 0.28.0-53-g5a82cb258f (webtiles) character file.

Game seed: 15089103983757736253

1483 nickcage the Destroyer (level 8, -3/57 HPs)
             Began as a Yellow Draconian Conjurer on May 24, 2022.
             Slain by a mummy (11 damage)
             ... in an ossuary.
             The game lasted 00:18:20 (5288 turns).

nickcage the Destroyer (Yellow Draconian Conjurer)  Turns: 5288, Time: 00:18:21

Health: -3/57      AC:  6    Str: 14    XL:     8   Next: 50%
Magic:  1/14       EV: 12    Int: 20    God:
Gold:   119        SH:  0    Dex: 15    Spells: 4/15 levels left

rFire   . . .      SeeInvis .   q - +3 spear "Jiasakeb" {vorpal, rElec rC+ Str+3}
rCold   + . .      Faith    .   (no shield)
rNeg    . . .      Spirit   .   (armour unavailable)
rPois   .          Reflect  .   (helmet restricted)
rElec   +          Harm     .   (no cloak)
rCorr   +          Rampage  .   (no gloves)
Will    .....                   (no boots)
Stlth   ++........              (no amulet)
HPRegen 0.19/turn               m - +6 ring of dexterity
MPRegen 0.14/turn               (no ring)

@: no status effects
A: spit acid, AC +6, unfitting armour, cold-blooded, acid resistance
a: Breathe Acid


You were in an ossuary.
You visited 1 branch of the dungeon, and saw 5 of its levels.
You also visited: Ossuary.

You collected 196 gold pieces.
You spent 77 gold pieces at shops.

Inventory:

Hand Weapons
 a - a +1 dagger of electrocution
 p - a +0 rapier
 q - the +3 spear "Jiasakeb" (weapon) {vorpal, rElec rC+ Str+3}
   (You found it on level 4 of the Dungeon)

   It inflicts extra damage upon your enemies.
   Str:       It affects your strength (+3).
   rC:        It protects you from cold.
   rElec:     It insulates you from electricity.
Missiles
 k - 2 throwing nets
Armour
 o - a scarf of shadows
Jewellery
 m - a +6 ring of dexterity (left hand)
Scrolls
 f - 3 scrolls of fear
 g - a scroll of amnesia {unknown}
 l - 2 scrolls of identify
Potions
 b - a potion of mutation {unknown}
 c - a potion of resistance {unknown}
 d - 3 potions of might
 e - 2 potions of brilliance
 h - a potion of haste
 i - 2 potions of curing
 j - 2 potions of flight
 n - a potion of magic {unknown}


   Skills:
 - Level 1.7 Dodging
 - Level 1.7 Stealth
 - Level 4.0 Spellcasting
 + Level 9.4 Conjurations
 * Level 3.1 Hexes
 * Level 3.3 Translocations


You had 4 spell levels left.
You knew the following spells:

 Your Spells              Type           Power      Damage    Failure   Level
a - Magic Dart            Conj           100%       1d8       1%          1
b - Searing Ray           Conj           82%        2d7       1%          2
c - Fulminant Prism       Conj/Hex       14%        3d9       10%         4
d - Iskenderun's Mystic   Conj/Tloc      29%        2d7       10%         4

Your spell library contained the following spells:

 Spells                   Type           Power      Damage    Failure   Level
 Dazzling Flash           Conj/Hex       58%        N/A       3%          3
 Sting                    Tmut/Pois      16%        1d3       13%         1
 Corpse Rot               Necr/Air       8%         N/A       19%         2
 Poisonous Vapours        Pois/Air       8%         N/A       19%         2
 Dispel Undead            Necr           4%         3d7       77%         4
 Olgreb's Toxic Radiance  Pois           4%         N/A       77%         4
 Death Channel            Necr           2%         N/A       100%        6


Dungeon Overview and Level Annotations

Branches:
Dungeon (5/15)            Ossuary (1/1)
 Temple: D:4-7

Altars:
Fedhas
Yredelemnul

Shops:
D:3 ?

Annotations:
D:2 Terence


Innate Abilities, Weirdness & Mutations

You can spit globs of acid.
Your golden yellow scales are hard. (AC +6)
You cannot fit into any form of body armour.
You are cold-blooded and may be slowed by cold attacks.
You are resistant to acid. (rCorr)


Message History

The mystic blast hits the elf zombie!
The elf zombie is heavily damaged.
The elf zombie is knocked back by the mystic blast.
The mystic blast hits the human zombie.
The human zombie is heavily damaged.
The human zombie is knocked back by the mystic blast.
The mystic blast hits the rat zombie!
You destroy the rat zombie!
You reach to attack!
You hit the human zombie.
The human zombie is almost destroyed.
You closely miss the human zombie. You tail-slap the human zombie.
The human zombie is almost destroyed.
The elf zombie hits you. The human zombie hits you.
You hit the human zombie.
You destroy the human zombie!
The elf zombie hits you.
You barely miss the elf zombie.
The elf zombie is heavily damaged.
The mummy closely misses you.
You barely miss the elf zombie. Your punch misses the elf zombie.
The elf zombie is heavily damaged.
The elf zombie hits you but does no damage.
The mummy barely misses you. The mummy closely misses you.
The mummy misses you. The human zombie closely misses you.
You hit the elf zombie.
Your tail-slap misses the elf zombie.
The elf zombie is heavily damaged.
The elf zombie hits you but does no damage.
The elf zombie closely misses you. The mummy hits you.
You hit the elf zombie.
The elf zombie is heavily damaged.
The human zombie hits you but does no damage.
The mummy hits you! The elf zombie closely misses you. The elf zombie hits you.
The mummy hits you!
* * * LOW HITPOINT WARNING * * *
The human zombie hits you but does no damage.
The elf zombie hits you but does no damage.
The elf zombie barely misses you. The mummy hits you!
* * * LOW HITPOINT WARNING * * *
The mummy hits you but does no damage. The mummy hits you!
You die...

.....#####.....
.................
.................
#...............#
#...............#
.................
.......M.Z.......
.......Z@M.......
.......MMZ.......
.................
.................
.................
.................
#...............#
#...............#
.................


You could see 4 mummies, 2 elf zombies and a human zombie.

Vanquished Creatures
  Grinder (D:3)
  Sigmund (D:5)
  3 yaks (D:4)
  3 scorpions (D:4)
  A water moccasin skeleton (D:5)
  A centaur zombie (D:3)
  A human zombie (Ossuary)
  3 orc priests
  2 iguanas (D:5)
  Natasha (thrice) (D:3)
  2 orc wizards
  A howler monkey zombie (D:5)
  2 adders
  7 gnolls (D:3)
  An adder zombie (Ossuary)
  10 orcs
  3 ball pythons
  3 endoplasms
  2 giant cockroaches
  A gnoll zombie (Ossuary)
  6 goblins
  5 hobgoblins
  3 jackals (D:3)
  3 bats
  2 frilled lizards
  A goblin zombie (Ossuary)
  2 hobgoblin zombies (Ossuary)
  A jackal zombie (Ossuary)
  2 kobolds
  A kobold zombie (Ossuary)
  A rat zombie (Ossuary)
78 creatures vanquished.

Vanquished Creatures (others)
  A fulminant prism (D:5)
1 creature vanquished.

Grand Total: 79 creatures vanquished

Notes
Turn   | Place    | Note
-------+----------+-------------------------------------------
     0 | D:1      | nickcage the Draconian Conjurer began the quest for the
                  | Orb.
     0 | D:1      | Reached XP level 1. HP: 14/14 MP: 3/3
   123 | D:1      | Found a faded altar of an unknown god.
   430 | D:1      | Reached XP level 2. HP: 20/20 MP: 1/5
   489 | D:1      | Learned a level 2 spell: Searing Ray
  1083 | D:2      | Noticed Terence
  1808 | D:3      | Reached XP level 3. HP: 26/26 MP: 1/6
  1860 | D:3      | Reached skill level 5 in Conjurations
  2234 | D:3      | Reached XP level 4. HP: 24/33 MP: 0/7
  2596 | D:3      | Found Ukhug's Magic Scroll Shoppe.
  2605 | D:3      | Bought a scroll of identify for 28 gold pieces
  2605 | D:3      | Bought a scroll of fear for 49 gold pieces
  2721 | D:3      | Noticed Natasha
  2733 | D:3      | Killed Natasha
  2734 | D:3      | Reached skill level 6 in Conjurations
  2734 | D:3      | Reached XP level 5. HP: 16/38 MP: 0/9
  3200 | D:3      | Noticed Grinder
  3205 | D:3      | Paralysed by Grinder for 2 turns
  3212 | D:3      | Killed Grinder
  3213 | D:3      | Reached skill level 7 in Conjurations
  3213 | D:3      | Reached XP level 6. HP: 36/45 MP: 1/11
  3317 | D:3      | Found a basalt altar of Yredelemnul.
  3371 | D:3      | Noticed Natasha
  3377 | D:3      | Killed Natasha
  3439 | D:3      | Noticed Natasha
  3446 | D:3      | Killed Natasha
  3452 | D:3      | Learned a level 4 spell: Fulminant Prism
  3457 | D:3      | Learned a level 4 spell: Iskenderun's Mystic Blast
  3630 | D:4      | Your scales start taking on a golden yellow colour.
  3630 | D:4      | Reached XP level 7. HP: 33/50 MP: 0/13
  3630 | D:4      | Gained mutation: You are resistant to acid. (rCorr) [Yellow
                  | Draconian growth]
  3832 | D:4      | Noticed a yak
  3834 | D:4      | Noticed a yak
  3844 | D:4      | Noticed a yak
  3848 | D:4      | Killed a yak
  3849 | D:4      | Reached skill level 1 in Hexes
  3849 | D:4      | Reached skill level 1 in Translocations
  3849 | D:4      | Killed a yak
  3850 | D:4      | Reached skill level 8 in Conjurations
  3879 | D:4      | Killed a yak
  3980 | D:4      | Found a blossoming altar of Fedhas.
  3990 | D:4      | Reached XP level 8. HP: 50/57 MP: 7/14
  4625 | D:4      | Identified the +3 spear "Jiasakeb" {vorpal, rElec rC+
                  | Str+3}
  4733 | D:5      | Entered Level 5 of the Dungeon
  4824 | D:5      | Noticed Sigmund
  4974 | D:5      | Killed Sigmund
  4975 | D:5      | Reached skill level 9 in Conjurations
  5255 | D:5      | Found a sand-covered staircase.
  5260 | Ossuary  | Entered an ossuary
  5288 | Ossuary  | Slain by a mummy

Illustrated notes

Levels and vault maps discovered:
D:1:      saegor_arrival_under_anarchy, layout_basic, serial_rivers,
          chequers_serial_rivers_marsh, chequers_serial_rivers_small_b,
          chequers_serial_rivers_micro_a, chequers_serial_rivers_micro_d,
          basic_ecumenical_altar
D:2:      layout_loops_cross, uniq_terence
D:3:      layout_basic, general_overflow_altar, serial_shops, shop,
          uniq_natasha, uniq_grinder
D:4:      layout_cave_pods, fedhas_altar_2
D:5:      layout_basic, nicolae_uskayaw_en_pointe, enter_ossuary_2,
          uniq_crazy_yiuf_cottage, uniq_sigmund
Ossuary:  ossuary_minmay_tomb_2a

Skill      XL: |  1  2  3  4  5  6  7  8 |
---------------+-------------------------+-----
Conjurations   | 5 6 7 8 9 |  9.4
Spellcasting   | 3 4 |  4.0
Hexes          | 2 3 |  3.1
Translocations | 2 3 |  3.3
Dodging        | |  1.7
Stealth        | |  1.7

Action                   |  1- 3 |  4- 6 |  7- 9 || total
-------------------------+-------+-------+-------++-------
Melee: Dagger            |     6 |    18 |       ||    24
       Tailslap          |     1 |     3 |     1 ||     5
       Spear             |       |       |    20 ||    20
       Punch             |       |       |     1 ||     1
 Cast: Magic Dart        |    35 |    26 |    17 ||    78
       Searing Ray       |     6 |    17 |    14 ||    37
       Iskenderun's Myst |       |       |     3 ||     3
       Fulminant Prism   |       |       |     1 ||     1
 Abil: Breathe Acid      |       |       |     3 ||     3
  Use: Scroll            |     2 |     3 |     1 ||     6
 Stab: Sleeping          |       |       |     1 ||     1
Armor: Skin              |     4 |    11 |    19 ||    34
Dodge: Dodged            |    12 |    29 |    33 ||    74
